 Dungeon Crawl Stone Soup version 0.26.1-11-gd32895ea62 (webtiles) character file.

Game seed: 17697553789479138453

3490 Zeld the Reanimator (level 9, 0/79 HPs)
             Began as a Deep Dwarf Necromancer on Sept 7, 2021.
             Was a Follower of Makhleb.
             Slain by a basilisk (12 damage)
             ... on level 8 of the Dungeon.
             The game lasted 00:30:25 (20741 turns).

Zeld the Reanimator (Deep Dwarf Necromancer)       Turns: 20741, Time: 00:30:25

Health: 0/79       AC: -3    Str: 13    XL:     9   Next: 80%
Magic:  2/16       EV: 15    Int: 18    God:    Makhleb [*.....]
Gold:   305        SH:  0    Dex: 13    Spells: 7/21 levels left

rFire    . . .     SeeInvis .   a - +1 dagger (venom)
rCold    . . .     Faith    .   (no shield)
rNeg     . . .     Spirit   .   n - +0 robe
rPois    .         Reflect  .   B - +0 helmet
rElec    .         Harm     .   (no cloak)
rCorr    .         Rampage  .   g - +0 pair of gloves
Will     +....                  I - +0 pair of boots
Stlth    ++........             (no amulet)
HPRegen  0.00/turn              (no ring)
MPRegen  0.15/turn              (no ring)

@: corroded, non-regenerating
A: damage resistance, heal wounds, sense surroundings 2, no regeneration
a: Heal Wounds, Renounce Religion


You were on level 8 of the Dungeon.
You worshipped Makhleb.
Makhleb was aware of your devotion.
You visited 2 branches of the dungeon, and saw 10 of its levels.

You collected 305 gold pieces.

Inventory:

Hand Weapons
 a - a +1 dagger of venom (weapon)
Armour
 g - a +0 pair of gloves (worn)
 n - a +0 robe (worn)
 B - a +0 helmet (worn)
 I - a +0 pair of boots (worn)
Jewellery
 i - an uncursed ring of poison resistance {unknown}
 o - an uncursed ring of fire {unknown}
 r - an uncursed amulet of guardian spirit {unknown}
 w - an uncursed ring of fire {unknown}
 A - a +4 ring of evasion {unknown}
Wands
 q - a wand of disintegration (9)
 y - a wand of iceblast (17)
 H - a wand of polymorph (6)
Scrolls
 b - 6 scrolls of identify {unknown}
 c - a scroll of enchant weapon {unknown}
 d - 3 scrolls of immolation {unknown}
 e - a scroll of enchant armour {unknown}
 h - 9 scrolls of teleportation {unknown}
 k - a scroll of noise {unknown}
 t - a scroll of fog {unknown}
 v - 2 scrolls of remove curse {unknown}
 z - a scroll of fear {unknown}
 E - 2 scrolls of magic mapping {unknown}
Potions
 f - 4 potions of heal wounds {unknown}
 j - 2 potions of curing {unknown}
 l - 3 potions of lignification {unknown}
 m - a potion of degeneration {unknown}
 p - a potion of magic {unknown}
 s - 2 potions of brilliance {unknown}
 u - 2 potions of flight {unknown}
 x - 2 potions of mutation {unknown}
 C - a potion of berserk rage {unknown}
 D - a potion of haste {unknown}
 F - a potion of cancellation {unknown}
 G - a potion of ambrosia {unknown}


   Skills:
 + Level 4.7 Fighting
 + Level 6.1 Dodging
 - Level 2.4 Stealth
 * Level 6.7 Spellcasting
 * Level 9.7 Necromancy
 * Level 5.5 Invocations


You had 7 spell levels left.
You knew the following spells:

 Your Spells              Type           Power        Failure   Level
a - Pain                  Necr           100%         1%          1
b - Animate Skeleton      Necr           80%          1%          1
c - Vampiric Draining     Necr           20%          1%          3
d - Animate Dead          Necr           20%          1%          4
e - Agony                 Necr           40%          6%          5

Your spell library contained the following spells:

 Spells                   Type           Power        Failure   Level


Dungeon Overview and Level Annotations

Branches:
Dungeon (9/15)             Temple (1/1) D:6            Lair (0/6) D:9
    Orc: D:9-12

Altars:
Ashenzari
Cheibriados
Dithmenos
Elyvilon
Fedhas
Gozag
Hepliaklqana
Kikubaaqudgha
Makhleb
Nemelex Xobeh
Okawaru
Sif Muna
Trog
Uskayaw
Vehumet
Wu Jian
Xom
Yredelemnul
Zin

Annotations:
D:6 exclusion: two-headed ogre


Innate Abilities, Weirdness & Mutations

You are resistant to damage.
You can heal yourself by infusing magical energy.
You passively map the area around you.
You do not regenerate.


Message History

The jelly barely misses you. The basilisk bites you!
* * * LOW HITPOINT WARNING * * *
You hit the basilisk but do no damage.
The basilisk looks even sicker.
The basilisk is heavily wounded.
The jelly hits you. The acid corrodes you!
You are splashed with acid!
* * * LOW HITPOINT WARNING * * *
The basilisk gazes at you. You resist with almost no effort.
Unknown command.
You miss the basilisk.
The basilisk is heavily wounded.
You kill the jelly!
Makhleb accepts your kill. The basilisk gazes at you.
You resist with almost no effort.
Unknown command.
You closely miss the basilisk.
The basilisk is severely wounded.
The basilisk bites you!
You die...

......#.......##..##....#........
......##..##..##>.##....#.g......
##....##..##..#...##....##.......
##....##......#...##....##...#...
.#.........)..##..##....##...###.
.#...)........##..##....##..## ##
##..####..##..##..#.....#....#
##..####..##..##†l#.....#....#
#...#.....#...##@.##....'....#
#...#.....#...######....##..##
#...#.....##..##..###'#######
##..###...##..##.........#
##..###...##..#.....>....#
.....'.....)).##..##†...##
.....#....##'###..#######
##...#######..##...#
##..[##...##.......#


You could see a basilisk (very poisoned).

Vanquished Creatures
  An elephant (D:8)
  Prince Ribbit (D:7)
  Sigmund (D:6)
  A yak (D:8)
  A human (D:5)
  Duvessa (D:7)
  2 ice beasts (D:8)
  2 sky beasts
  An ogre (D:6)
  3 centaurs
  A big kobold (D:7)
  A gnoll sergeant (D:8)
  Dowan (D:7)
  3 scorpions
  A water moccasin skeleton (D:4)
  2 howler monkeys
  4 crimson imps (D:5)
  A bullfrog zombie (D:8)
  A human zombie (D:5)
  A quasit (D:7)
  2 orc priests (D:4)
  3 jellies
  A centaur skeleton (D:4)
  3 hounds
  6 orc wizards
  A bullfrog skeleton (D:5)
  An iguana (D:5)
  4 worker ants
  A killer bee zombie (D:8)
  2 hound skeletons (D:6)
  A worker ant zombie (D:5)
  6 adders
  8 gnolls
  A howler monkey skeleton (D:7)
  3 shadow imps
  3 white imps
  An ufetubus (D:9)
  An ooze (D:2)
  4 worms
  A dart slug (D:1)
  5 leopard geckos
  42 orcs
  10 bats
  4 giant cockroaches
  8 goblins
  15 hobgoblins
  11 jackals
  A quokka (D:1)
  8 frilled lizards
  A goblin skeleton (D:5)
  A jackal zombie (D:8)
  12 kobolds
  A kobold skeleton (D:5)
  5 rats
207 creatures vanquished.

Notes
Turn   | Place    | Note
-------+----------+-------------------------------------------
     0 | D:1      | Zeld the Deep Dwarf Necromancer began the quest for the
                  | Orb.
     0 | D:1      | Reached XP level 1. HP: 15/15 MP: 3/3
     2 | D:1      | Learned a level 1 spell: Animate Skeleton
   597 | D:1      | Reached XP level 2. HP: 22/24 MP: 0/5
  1617 | D:1      | Reached XP level 3. HP: 12/30 MP: 2/6
  1621 | D:1      | Learned a level 3 spell: Vampiric Draining
  3103 | D:2      | Reached skill level 1 in Fighting
  3588 | D:2      | Reached skill level 5 in Necromancy
  3894 | D:2      | Reached XP level 4. HP: 38/38 MP: 2/7
  5371 | D:3      | Reached XP level 5. HP: 39/44 MP: 0/9
  6253 | D:3      | Found a radiant altar of Vehumet.
  6705 | D:3      | Found a broken altar of Ashenzari.
  7568 | D:4      | Reached XP level 6. HP: 39/52 MP: 8/11
  7573 | D:4      | Learned a level 4 spell: Animate Dead
  8087 | D:4      | Identified the cursed +1 hand crossbow of Burnt Trial by
                  | Ordeal {flame, Int+4}
  8089 | D:4      | Reached skill level 6 in Necromancy
  8629 | D:4      | Found a shadowy altar of Dithmenos.
  9138 | D:5      | Entered Level 5 of the Dungeon
  9142 | D:5      | Noticed an orc warrior
  9202 | D:4      | HP: 1/54 [orc warrior/+0 flail (8)]
 10113 | D:5      | Reached XP level 7. HP: 19/61 MP: 4/13
 12262 | D:5      | Found a runed translucent door.
 12262 | D:5      | Noticed a human
 12265 | D:5      | Found a basalt altar of Yredelemnul.
 12495 | D:5      | Killed a human
 12496 | D:5      | Reached skill level 7 in Necromancy
 13634 | D:5      | Reached XP level 8. HP: 43/69 MP: 14/14
 13640 | D:5      | Learned a level 5 spell: Agony
 13769 | D:5      | Found a shimmering altar of Xom.
 14184 | D:6      | Reached skill level 5 in Spellcasting
 14955 | D:6      | Reached skill level 8 in Necromancy
 15055 | D:6      | Noticed Sigmund
 15065 | D:6      | HP: 3/69 [orc/+0 trident (7)]
 15756 | D:6      | Killed Sigmund
 15757 | D:6      | Reached skill level 5 in Dodging
 15934 | D:6      | Found a staircase to the Ecumenical Temple.
 15946 | Temple   | Entered the Ecumenical Temple
 16124 | Temple   | Became a worshipper of Makhleb the Destroyer
 16246 | D:6      | Noticed a two-headed ogre
 16499 | D:6      | Reached skill level 1 in Invocations
 17814 | D:7      | Noticed Prince Ribbit
 17820 | D:7      | Killed Prince Ribbit
 17821 | D:7      | Gained mutation: You passively map the area around you.
                  | [Deep Dwarf growth]
 17821 | D:7      | Reached XP level 9. HP: 68/78 MP: 3/16
 17989 | D:7      | Noticed Dowan
 17991 | D:7      | Noticed Duvessa
 18022 | D:7      | Killed Duvessa
 18032 | D:7      | Killed Dowan
 18697 | D:8      | Reached skill level 9 in Necromancy
 19353 | D:8      | Reached * piety under Makhleb
 20178 | D:9      | Noticed a troll
 20412 | D:9      | Noticed an elephant
 20413 | D:9      | Found a staircase to the Lair.
 20707 | D:8      | HP: 2/79 [elephant (10)]
 20726 | D:8      | Killed an elephant
 20727 | D:8      | Reached skill level 5 in Invocations
 20741 | D:8      | Slain by a basilisk

Illustrated notes

Levels and vault maps discovered:
D:1:      dpeg_arrival_solitude, layout_basic, kennysheep_decorative_pillar
D:2:      layout_basic, grunt_ministairs_15, minmay_ruptured
D:3:      layout_rooms, overflow_temple_1_default, evilmike_ruin_ashenzari
D:4:      layout_basic, nicolae_dithmenos_the_darkroom
D:5:      layout_basic, led_xom_imps, enter_ossuary_3, dk_yredelemnul_ordeal
D:6:      layout_basic, minmay_temple_entry_glassed_door, minivault_23,
          uniq_sigmund
D:7:      layout_gridville, chequers_serial_rivers_large_b, uniq_prince_ribbit1,
          uniq_duvessa
D:8:      layout_gridville
D:9:      layout_basic, gammafunk_temple_overflow_forgotten, david_lair_generic,
          serial_ice, serial_ice_a, serial_ice_n, serial_ice_g, serial_ice_i,
          serial_ice_o, serial_ice_h, uniq_harold
Temple:   nicolae_temple_elliptical

Skill      XL: |  1  2  3  4  5  6  7  8  9 |
---------------+----------------------------+-----
Spellcasting   | 2 3 4 5 6 |  6.7
Fighting       | 1 2 3 4 |  4.7
Necromancy     | 5 6 7 8 9 |  9.7
Dodging        | 3 4 5 6 |  6.1
Invocations    | 2 5 |  5.5
Stealth        | |  2.4

Action                   |  1- 3 |  4- 6 |  7- 9 || total
-------------------------+-------+-------+-------++-------
Melee: Unarmed           |     5 |     7 |       ||    12
       Dagger            |       |    81 |   391 ||   472
 Cast: Pain              |    60 |    54 |    12 ||   126
       Animate Skeleton  |    10 |       |     2 ||    12
       Vampiric Draining |    17 |    63 |   113 ||   193
       Animate Dead      |       |       |     1 ||     1
 Abil: Heal Wounds       |       |     2 |    13 ||    15
Evoke: Wand              |       |       |     1 ||     1
 Stab: Sleeping          |       |     1 |     1 ||     2
       Distracted        |       |       |     1 ||     1
Armor: Robe              |    20 |    24 |   116 ||   160
Dodge: Dodged            |    71 |   120 |   405 ||   596
